 Dungeon Crawl Stone Soup version 0.24-a0-462-ge24419a6ad (webtiles) character file.

Game seed: 4687897392262355574

72 CasualChangeling the Bolt Thrower (level 4, -2/27 HPs)
             Began as a Kobold Hunter on July 1, 2019.
             Slain by an iron imp (6 damage)
             ... summoned by Natasha
             ... on level 2 of the Dungeon.
             The game lasted 00:03:54 (1492 turns).

CasualChangeling the Bolt Thrower (Kobold Hunter)   Turns: 1492, Time: 00:03:54

Health: -2/27      AC:  3    Str:  9    XL:     4   Next: 48%
Magic:  4/4        EV: 15    Int: 12    God:
Gold:   60         SH:  0    Dex: 16    Spells: 3/3 levels left

rFire    . . .     SeeInvis .   b - +0 short sword
rCold    . . .     Gourm    .   (shield restricted)
rNeg     + . .     Faith    .   c - +0 leather armour
rPois    .         Spirit   .   (no helmet)
rElec    .         Reflect  .   (no cloak)
rCorr    .         Harm     .   (no gloves)
MR       .....                  (no boots)
Stlth    ++........             (no amulet)
HPRegen  0.09/turn              (no ring)
MPRegen  0.09/turn              l - ring of positive energy

@: no status effects
A: small, carnivore
a: no special abilities


You were on level 2 of the Dungeon.
You were completely stuffed.

You visited 1 branch of the dungeon, and saw 2 of its levels.

You collected 60 gold pieces.

Inventory:

Hand Weapons
 a - a +1 hand crossbow
 b - a +0 short sword (weapon)
Missiles
 d - 6 bolts
Armour
 c - a +0 leather armour (worn)
Jewellery
 h - an uncursed ring of ice
 l - a ring of positive energy (right hand)
Scrolls
 e - a scroll of remove curse {unknown}
 j - 2 scrolls of teleportation {unknown}
 k - a scroll of fear
 m - a scroll of identify {unknown}
 n - a scroll of blinking {unknown}
 o - a scroll of magic mapping {unknown}
Potions
 g - a potion of haste {unknown}
Comestibles
 f - 2 rations
 i - 3 chunks of flesh


   Skills:
 + Level 2.9 Fighting
 + Level 2.0 Short Blades
 + Level 5.6 Crossbows
 + Level 0.4 Throwing
 + Level 3.1 Dodging
 - Level 1.3 Stealth


You had 3 spell levels left.
You didn't know any spells.
Your spell library was empty.

Dungeon Overview and Level Annotations

Branches:
Dungeon (2/15)

Altars:

Annotations:
D:2 Natasha


Innate Abilities, Weirdness & Mutations

You are small and have problems with some larger weapons.
You are carnivorous and can eat meat at any time.


Message History

Natasha is moderately wounded.
Natasha barely misses you. The crimson imp hits you.
You closely miss Natasha.
Natasha is moderately wounded.
Natasha barely misses you. The crimson imp closely misses you.
You hit Natasha.
Natasha is heavily wounded.
Natasha barely misses you. The crimson imp misses you.
Natasha casts a spell at you. The magic dart hits you.
The crimson imp summons a swarm of flies.
The crimson imp completely misses you.
The crimson imp blinks!
Natasha mumbles some strange words.
You see here a giant cockroach corpse.
The crimson imp blinks!
The iron imp hits you!
* * * LOW HITPOINT WARNING * * *
You hit the iron imp but do no damage. The iron imp hits you.
You die...

##....#
......###############
......'..............
...(.(#######.######
(..(..##......#
...#.###......#
...#..##......#
#####.##......######
##.....#........@5h######
##.##...........##......#
....#...#<#...#.##......#
###.#.#.#####.#..+..5...#
).........# #.####......#
#####(#...# #.# #......#
#.......# #.# #......#
#.##....###.# #......#
#.##.#......# #......#


You could see an iron imp, Natasha and a crimson imp.

Vanquished Creatures
  An adder (D:2)
  3 worms (D:2)
  4 dart slugs
  A leopard gecko (D:1)
  3 giant cockroaches
  4 goblins
  5 hobgoblins
  2 jackals (D:1)
  2 quokkas (D:2)
  5 bats
  2 frilled lizards (D:2)
  6 kobolds
  7 rats
45 creatures vanquished.

Notes
Turn   | Place    | Note
-------+----------+-------------------------------------------
     0 | D:1      | CasualChangeling the Kobold Hunter began the quest for the
                  | Orb.
     0 | D:1      | Reached XP level 1. HP: 12/12 MP: 1/1
   177 | D:1      | Reached skill level 5 in Crossbows
   177 | D:1      | Reached XP level 2. HP: 15/18 MP: 2/2
   236 | D:1      | Reached skill level 1 in Short Blades
   357 | D:1      | Reached XP level 3. HP: 22/22 MP: 3/3
   953 | D:2      | Reached XP level 4. HP: 27/27 MP: 4/4
  1475 | D:2      | Noticed Natasha
  1492 | D:2      | Slain by an iron imp

Levels and vault maps discovered:
D:1:      roderic_crossed_star, layout_basic, minmay_door_square
D:2:      layout_basic, uniq_natasha

Skill      XL: |  1  2  3  4 |
---------------+-------------+-----
Crossbows      | 5 |  5.6
Short Blades   | 1 2 |  2.0
Dodging        | 3 |  3.1
Fighting       | |  2.9
Throwing       | |  0.4
Stealth        | |  1.3

Action                   |  1- 3 |  4- 6 || total
-------------------------+-------+-------++-------
Melee: Short sword       |    22 |    32 ||    54
 Fire: Hand crossbow     |    44 |    11 ||    55
Throw: Boomerang         |       |    20 ||    20
  Use: Scroll            |     2 |       ||     2
  Eat: Chunk             |     8 |     2 ||    10
Armor: Leather armour    |     4 |     5 ||     9
Dodge: Dodged            |    25 |    27 ||    52

Table legend:
 A = Non-vault XP
 B = Vault XP
 C = Vault XP percentage of total XP
 D = Non-vault monster count
 E = Vault monster count
 F = Vault count percentage of total count
                 A         B        C        D         E       F
            +---------+---------+-------+---------+---------+-------
      Total |     103 |       0 |   0.0 |      45 |       0 |   0.0
            +---------+---------+-------+---------+---------+-------
        D:1 |      43 |       0 |   0.0 |      24 |       0 |   0.0
        D:2 |      60 |       0 |   0.0 |      21 |       0 |   0.0
            +---------+---------+-------+---------+---------+-------
